[Event "Gibraltar Challengers A 2019"]
[Site "Caleta"]
[Date "2019.01.24"]
[Round "4"]
[White "Sedgwick, David"]
[Black "Janse, Jan Jaap"]
[Result "0-1"]
[ECO "B15"]
[WhiteElo "2024"]
[BlackElo "2222"]
[Annotator "NA"]
[PlyCount "72"]
[EventDate "2019.01.18"]
[EventType "swiss"]
[EventCountry "GGB"]
[SourceTitle "playchess.com"]
[Source "ChessBase"]
[SourceQuality "1"]
[TimeControl "6600+10"]

1. e4 c6 2. d4 d5 3. Nc3 g6 4. e5 h5 {[%emt 0:00:07] LiveBook: 116 Games} 5. Bd3 Nh6 {[%emt 0:00:22] B15: Caro-Kann: 3 Nc3: 3...g6 and 3...dxe4 4 Nxe4 Nf6 5 Nxf6+ exf6} 6. Nf3 Bg7 (6... Bf5 7. Bg5 Qb6 8. a3 Na6 9. b4 Bxd3 10. Qxd3 Nc7 11. O-O Ne6 12. a4 Nxg5 13. Nxg5 {½-½ (37) Nikologorsky,M (2235)-Burmakin,V (2523) St Petersburg 2018}) 7. Bg5 Nf5 $146 ({Predecessor:} 7... Bf5 8. h3 Bxd3 9. Qxd3 {½-½ (9) Solomatin,V (2343)-Ushakov,G (2216) Riazan 2009}) 8. Bxf5 Bxf5 9. Qd2 Nd7 10. Nh4 Be6 11. Qd3 Nf8 12. Ne2 Qd7 13. Ng3 O-O-O 14. Qa3 f6 15. exf6 (15. Bd2 $11) 15... exf6 16. Bd2 Kb8 17. f4 $1 Bg4 18. O-O {[%emt 0:01:06] [#]} f5 $1 19. h3 Bf6 20. hxg4 hxg4 21. Nf3 gxf3 22. Rxf3 Bxd4+ 23. Be3 Bxe3+ 24. Rxe3 Ne6 ({Black should play} 24... Qc7 $19 25. Rf1 Nd7) 25. Rae1 Nc7 26. Re7 Qd6 27. Qxd6 Rxd6 28. R1e5 d4 29. Rg7 Nd5 30. Ne2 c5 31. Kf2 Rhd8 32. c4 Nf6 33. Ree7 $2 (33. Ke1 Ne4 34. Ree7) 33... Rb6 34. b3 Ne4+ 35. Kf3 d3 36. Nd4 cxd4 $19 0-1

[Event "Gibraltar Challengers A 2019"]
[Site "Caleta"]
[Date "2019.01.24"]
[Round "4"]
[White "Hassomal Daswani, Birjkumar"]
[Black "Osuna Vega, Enrique"]
[Result "1-0"]
[ECO "C03"]
[WhiteElo "2008"]
[BlackElo "2116"]
[Annotator "NA"]
[PlyCount "107"]
[EventDate "2019.01.18"]
[EventType "swiss"]
[EventCountry "GGB"]
[SourceTitle "playchess.com"]
[Source "ChessBase"]
[SourceQuality "1"]
[TimeControl "6600+10"]

1. e4 e6 2. d4 d5 3. Nd2 a6 4. e5 c5 5. c3 Nc6 6. Ngf3 Bd7 7. Be2 cxd4 8. cxd4 Nh6 9. O-O f6 10. Nb3 Nf7 11. exf6 Qxf6 12. Be3 Bd6 13. Rc1 O-O 14. Nc5 Bxc5 15. Rxc5 Rfc8 16. Qb3 b5 17. Rfc1 Nd6 18. Bd3 Nb7 19. Rxc6 Rxc6 20. Rxc6 Bxc6 21. Bxh7+ Kxh7 22. Qc2+ Qf5 23. Qxc6 Qb1+ 24. Bc1 Nd6 25. Nd2 Qa1 26. Qxa8 Qxc1+ 27. Nf1 Qxb2 28. Qf8 Ne4 29. Qf7 Qe2 30. h4 Nf6 31. Ne3 Qe1+ 32. Nf1 a5 33. h5 Qe4 34. Ng3 Qg4 35. Qc7 Nxh5 36. Nf1 a4 37. Qe5 Qf5 38. Qe2 b4 39. Qd1 Nf4 40. Ne3 Qd3 41. Qxa4 Ne2+ 42. Kh2 Qxd4 43. Qc2+ Qe4 44. Qxe2 Qe5+ 45. g3 d4 46. Qd3+ Kg8 47. Nc2 Qh5+ 48. Kg1 e5 49. Nxb4 Qg5 50. Qe4 Qc1+ 51. Kg2 Qc3 52. Nd3 Qa3 53. Qd5+ Kh8 54. Nxe5 1-0

[Event "Gibraltar Challengers A 2019"]
[Site "Caleta"]
[Date "2019.01.24"]
[Round "4"]
[White "Vinal Gutierrez, Pedro"]
[Black "Meszaros, Andras"]
[Result "0-1"]
[ECO "A41"]
[WhiteElo "1997"]
[BlackElo "2226"]
[Annotator "NA"]
[PlyCount "50"]
[EventDate "2019.01.18"]
[EventType "swiss"]
[EventCountry "GGB"]
[SourceTitle "playchess.com"]
[Source "ChessBase"]
[SourceQuality "1"]
[TimeControl "6600+10"]

1. d4 g6 2. Bf4 Bg7 3. e3 d6 4. Nf3 Nd7 5. Bc4 h6 {[%emt 0:04:40] A41: 1 d4 d6: Tartakower System and Modern Defence} (5... e5 6. Bg5 Ngf6 7. dxe5 dxe5 8. Nc3 h6 9. Bxf6 Qxf6 10. Nd2 O-O 11. O-O Qh4 12. Qe2 Nc5 13. Nb3 Ne6 14. Bxe6 Bxe6 {0-1 (45) Tran,T (2491)-Sethuraman,S (2623) Moscow 2017}) 6. c3 e5 7. dxe5 dxe5 8. Bg3 Qe7 $146 ({Predecessor:} 8... Ne7 9. Qb3 O-O 10. Nbd2 a6 11. a4 Qe8 12. e4 Kh8 13. Bh4 {½-½ (40) Ozsoy,A (1855)-Karakurt,F (1885) Konya 2017}) 9. Qb3 Nb6 10. Nxe5 (10. Nbd2 $14) 10... Bxe5 11. Bxe5 Qxe5 12. Bxf7+ {[%emt 0:00:12] [#]} Kf8 $1 13. Bxg6 Be6 14. Qc2 Nf6 (14... Nc4 $17 15. Nd2 Nxd2 16. Qxd2 Kg7) 15. Nd2 Qg5 16. f4 Qxg2 17. O-O-O Rd8 ({And not} 17... Bxa2 18. b3 $11) 18. c4 Nxc4 19. Nxc4 Qxc2+ 20. Kxc2 Rxd1 21. Rxd1 Bxc4 22. b3 Bd5 23. Kd3 Rg8 $19 24. Bf5 Ke7 25. e4 Bxe4+ 0-1

[Event "Gibraltar Challengers A 2019"]
[Site "Caleta"]
[Date "2019.01.24"]
[Round "4"]
[White "Burke, Mitchell R"]
[Black "Saber, Yasser"]
[Result "1-0"]
[ECO "A02"]
[WhiteElo "1994"]
[BlackElo "2201"]
[Annotator "NA"]
[PlyCount "101"]
[EventDate "2019.01.18"]
[EventType "swiss"]
[EventCountry "GGB"]
[SourceTitle "playchess.com"]
[Source "ChessBase"]
[SourceQuality "1"]
[TimeControl "6600+10"]

1. e4 d6 2. Nc3 Nf6 3. f4 g6 4. Nf3 Bg7 5. g3 {[%emt 0:01:22] LiveBook: 31 Games} O-O 6. Bg2 Nc6 7. O-O e5 8. d3 Nd4 9. fxe5 dxe5 10. Nxd4 Qxd4+ 11. Kh1 c6 12. Bg5 Ng4 13. Qe2 f6 14. Bd2 Bh6 15. Bxh6 Nxh6 16. Nd1 Kg7 17. Qe3 Qd6 18. Nf2 b6 19. Qe2 Nf7 20. Ng4 Ng5 21. Ne3 Ne6 22. Qg4 Qc5 23. Rae1 Nd4 24. Qd1 Rf7 25. c3 Ne6 26. h4 Qf8 27. Bh3 Nc5 28. Bxc8 Qxc8 29. b4 Qh3+ 30. Kg1 Qxg3+ 31. Ng2 Qxd3 32. bxc5 Qxc3 33. Qc1 Qd4+ 34. Kh1 bxc5 35. h5 g5 36. Rf3 Rd8 37. Ne3 Qb4 38. Nf5+ Kh8 39. Rb3 Qa4 40. Qxc5 Qxa2 41. Qd6 Qa5 {[%emt 0:04:21] [#]} 42. Rd1 $1 Rg8 43. Nh6 Qa4 44. Nxf7+ Kg7 45. Qb4 Qa2 {[%emt 0:00:12] [#]} 46. Nxg5 $1 Qe2 47. Qe7+ Kh6 48. Qxh7+ Kxg5 49. Qxg8+ Kf4 50. Qg1 Qxe4+ 51. Qg2 1-0

[Event "Gibraltar Challengers A 2019"]
[Site "Caleta"]
[Date "2019.01.24"]
[Round "4"]
[White "Adewole, Adeyinka"]
[Black "Jordan Martinez, David"]
[Result "0-1"]
[ECO "A16"]
[WhiteElo "1972"]
[BlackElo "2125"]
[Annotator "NA"]
[PlyCount "66"]
[EventDate "2019.01.18"]
[EventType "swiss"]
[EventCountry "GGB"]
[SourceTitle "playchess.com"]
[Source "ChessBase"]
[SourceQuality "1"]
[TimeControl "6600+10"]

1. Nf3 Nf6 2. c4 g6 3. Nc3 Bg7 4. d3 c5 5. Bg5 Nc6 6. g3 h6 7. Bd2 O-O 8. Qc1 Kh7 9. h4 h5 10. Bg2 d6 11. O-O Bg4 12. Ng5+ Kg8 13. Re1 Rb8 14. a3 Nd4 15. f3 Bd7 16. Qd1 a6 17. Rb1 b5 18. b4 Qc8 19. Nd5 Nxd5 20. cxd5 Qb7 21. f4 Bg4 22. Ne4 Qa7 23. Be3 Rfc8 24. bxc5 dxc5 $17 25. Nf2 Bf5 26. Bd2 c4 27. e4 c3 28. Bxc3 Rxc3 29. exf5 Nxf5 30. Qf3 Rc2 31. Kf1 Bd4 32. Re2 Ne3+ 33. Ke1 Bc3+ {[%emt 0:00:13] Kf1 [%emt 00:00:27]} 0-1

[Event "Gibraltar Challengers A 2019"]
[Site "Caleta"]
[Date "2019.01.24"]
[Round "4"]
[White "Lutz, Juergen"]
[Black "Spacapan, Simon"]
[Result "0-1"]
[ECO "E04"]
[WhiteElo "1960"]
[BlackElo "2061"]
[Annotator "NA"]
[PlyCount "52"]
[EventDate "2019.01.18"]
[EventType "swiss"]
[EventCountry "GGB"]
[SourceTitle "playchess.com"]
[Source "ChessBase"]
[SourceQuality "1"]
[TimeControl "6600+10"]

1. c4 c6 2. Nc3 d5 3. d4 Nf6 4. Nf3 dxc4 5. g3 b5 6. Bg2 Bb7 7. O-O e6 8. Qc2 Be7 9. Rd1 $15 O-O 10. h4 Nbd7 11. a3 Qb6 12. e4 Rfd8 13. e5 Nd5 14. Ne4 c5 15. Neg5 Nf8 16. h5 cxd4 17. Nxd4 h6 18. Nxf7 Kxf7 19. Bh3 Nc7 20. Be3 Bc5 21. Nxe6 Ncxe6 22. Qf5+ Kg8 23. Rd6 Rxd6 24. exd6 Bxe3 25. Qe5 Bxf2+ 26. Kh2 Qe3 0-1

[Event "Gibraltar Challengers A 2019"]
[Site "Caleta"]
[Date "2019.01.24"]
[Round "4"]
[White "Sikkel, Dirk"]
[Black "Boardman, Jeffrey"]
[Result "0-1"]
[ECO "B13"]
[WhiteElo "1943"]
[BlackElo "2005"]
[Annotator "NA"]
[PlyCount "88"]
[EventDate "2019.01.18"]
[EventType "swiss"]
[EventCountry "GGB"]
[SourceTitle "playchess.com"]
[Source "ChessBase"]
[SourceQuality "1"]
[TimeControl "6600+10"]

1. e4 c6 2. d4 d5 3. exd5 cxd5 4. Bd3 Nf6 5. Bf4 e6 6. c3 Bd6 7. Bxd6 Qxd6 8. Nf3 O-O 9. O-O b6 10. Nbd2 Ba6 11. Bxa6 Nxa6 12. Ne5 b5 13. Re1 Rfc8 14. Re3 Nb8 15. Qf3 Nc6 16. Rae1 b4 17. g4 bxc3 18. bxc3 Rc7 19. g5 Ne8 20. Qh5 g6 21. Qh4 Nxe5 22. dxe5 Qf8 23. Rh3 Qg7 24. Ree3 Qh8 25. Nf3 Ng7 26. Nd4 Rc4 27. Qg3 Rac8 28. Kg2 Nh5 29. Qf3 Qg7 30. Rh4 Qf8 31. Qh3 Qc5 32. Rxh5 gxh5 33. Nxe6 Rg4+ 34. Qxg4 Qxe3 35. Qf5 Qe4+ 36. Qxe4 dxe4 37. Nf4 Rxc3 38. Nxh5 e3 39. fxe3 Rxe3 40. Nf6+ Kh8 41. Ng4 Re2+ 42. Kf3 Rxa2 43. h4 a5 44. Ne3 a4 0-1

[Event "Gibraltar Challengers A 2019"]
[Site "Caleta"]
[Date "2019.01.24"]
[Round "4"]
[White "Brown, David"]
[Black "Francois-Haugrin, Said"]
[Result "1-0"]
[ECO "B73"]
[WhiteElo "1931"]
[BlackElo "1825"]
[Annotator "NA"]
[PlyCount "67"]
[EventDate "2019.01.18"]
[EventType "swiss"]
[EventCountry "GGB"]
[SourceTitle "playchess.com"]
[Source "ChessBase"]
[SourceQuality "1"]
[TimeControl "6600+10"]

1. e4 c5 2. Nc3 Nc6 3. Nf3 g6 4. d4 cxd4 5. Nxd4 Bg7 6. Be3 Nf6 7. Be2 O-O 8. O-O d6 9. h3 a6 10. Qd2 Bd7 11. f4 b5 12. Nxc6 Bxc6 13. Bf3 b4 14. Nd5 Nxd5 15. exd5 Bb5 16. Rfb1 Rc8 17. Bd1 Ba4 18. a3 bxa3 19. Rxa3 Bb5 20. c3 Qd7 21. Bg4 f5 22. Be2 e5 23. dxe6 Qxe6 24. Bf3 Qe7 25. Bd5+ Kh8 26. Bd4 Rfe8 27. Bf3 Kg8 28. Bxg7 Kxg7 29. Rd1 Rcd8 30. c4 Qa7+ 31. Qd4+ Qxd4+ 32. Rxd4 Bd7 33. Rxa6 Rb8 34. Ra7 1-0

[Event "Gibraltar Challengers A 2019"]
[Site "Caleta"]
[Date "2019.01.24"]
[Round "4"]
[White "Nandi, Robin J"]
[Black "Hamer, Martyn"]
[Result "0-1"]
[ECO "C79"]
[WhiteElo "1903"]
[BlackElo "2046"]
[Annotator "NA"]
[PlyCount "101"]
[EventDate "2019.01.18"]
[EventType "swiss"]
[EventCountry "GGB"]
[SourceTitle "playchess.com"]
[Source "ChessBase"]
[SourceQuality "1"]
[TimeControl "6600+10"]

1. e4 e5 2. Nf3 Nc6 3. Bb5 a6 4. Ba4 d6 5. c3 Bd7 6. d4 g6 7. O-O Bg7 8. Re1 Nf6 9. Nbd2 O-O 10. Bxc6 Bxc6 11. dxe5 dxe5 12. Nxe5 Bxe4 13. Nxe4 Nxe4 14. Bf4 Nc5 15. Qf3 Qf6 16. Qe3 Ne6 17. Bh6 Rfd8 18. Ng4 Qf5 19. Bxg7 Kxg7 20. Qh6+ Kh8 21. h3 Rd5 22. Ne3 Qg5 23. Qxg5 Rxg5 24. Rad1 Kg7 25. Rd7 Rd8 26. Red1 Rxd7 27. Rxd7 Rc5 28. c4 a5 29. a3 a4 30. Rd5 c6 31. Rxc5 Nxc5 32. Kf1 Kf6 33. Ke2 Ke5 34. Nc2 f5 35. Ke3 f4+ 36. Ke2 g5 37. f3 Ne6 38. Kd3 c5 39. Kc3 Ng7 40. b3 axb3 41. Kxb3 Nf5 42. Kc3 h5 43. Ne1 Ne3 44. Nd3+ Kd6 45. h4 gxh4 46. Nxf4 Nxg2 47. Nxg2 h3 48. Ne3 Ke5 49. Nf1 Kf4 50. Kd2 Ke5 51. Kd1 0-1

[Event "Gibraltar Challengers A 2019"]
[Site "Caleta"]
[Date "2019.01.24"]
[Round "4"]
[White "Fischer, Gerd"]
[Black "Suez-Panama, Gilles"]
[Result "0-1"]
[ECO "E71"]
[WhiteElo "1845"]
[BlackElo "2078"]
[Annotator "NA"]
[PlyCount "84"]
[EventDate "2019.01.18"]
[EventType "swiss"]
[EventCountry "GGB"]
[SourceTitle "playchess.com"]
[Source "ChessBase"]
[SourceQuality "1"]
[TimeControl "6600+10"]

1. d4 Nf6 2. c4 g6 3. Nc3 Bg7 4. e4 d6 5. h3 O-O 6. Be3 {[%emt 0:01:32] LiveBook: 876 Games} b6 {[%emt 0:01:15] E71: King's Indian: 4 e4 d6 5 h3} (6... e5 7. d5 a5 8. g4 Na6 9. Nge2 Nd7 10. Qd2 Ndc5 11. Ng3 c6 12. Be2 cxd5 13. cxd5 a4 14. h4 Bd7 15. h5 Rc8 {0-1 (39) Caruana,F (2832)-Nakamura,H (2746) London 2018}) 7. Nf3 Bb7 8. Qc2 c5 9. d5 Na6 $146 ({Predecessor:} 9... Nbd7 10. Be2 Ne5 11. Nxe5 dxe5 12. O-O Ne8 13. Rad1 Nd6 14. Qd2 f5 15. exf5 gxf5 {1-0 (52) Durakovic,F-Schuler,G (1904) Ellwangen 1997}) 10. Be2 Nd7 11. O-O Nc7 12. Nd2 e5 13. Bd3 Nf6 14. Be2 Nfe8 15. Bd3 Bc8 16. Rae1 Qh4 17. Nf3 Qe7 18. Nd2 Qh4 19. Nf3 Qd8 20. Nd2 Bd7 21. f4 Bh6 22. f5 Bxe3+ 23. Rxe3 g5 24. g4 f6 25. Ndb1 Ng7 26. Qh2 Kf7 27. h4 h6 $18 28. Rh3 Rh8 29. Rff3 h5 30. Rfg3 hxg4 31. Rxg4 Rxh4 32. Rgxh4 gxh4 33. Rxh4 Qg8 34. Rh7 Rf8 35. Qh5+ Ke7 36. Qg6 Nce8 37. Kf2 Qf7 38. Qh6 Rg8 39. Be2 Kd8 40. Nd2 Nc7 41. Nf1 Qf8 42. Ng3 Nge8 0-1

[Event "Gibraltar Challengers A 2019"]
[Site "Caleta"]
[Date "2019.01.24"]
[Round "4"]
[White "Dhanwani, Aditya"]
[Black "Herzwurm, Robert"]
[Result "0-1"]
[ECO "D02"]
[WhiteElo "1497"]
[BlackElo "2021"]
[Annotator "NA"]
[PlyCount "42"]
[EventDate "2019.01.18"]
[EventType "swiss"]
[EventCountry "GGB"]
[SourceTitle "playchess.com"]
[Source "ChessBase"]
[SourceQuality "1"]
[TimeControl "6600+10"]

1. d4 Nf6 2. Nf3 g6 3. Bf4 Bg7 4. e3 O-O 5. Nbd2 d5 6. c4 c5 7. Be2 cxd4 $11 8. Nxd4 Nbd7 9. O-O e5 10. Bg5 exd4 11. cxd5 Qe8 12. exd4 Nxd5 13. Bb5 Qe6 14. Re1 Qb6 15. Qb3 N7f6 16. Nc4 Qxd4 17. Rad1 Qc5 18. Re5 Be6 19. Be3 Qc7 20. Rg5 a6 21. Rgxd5 Nxd5 0-1